 Zot Defence DCSS version 0.15.2 (webtiles) character file.

189 nuthulu the Shield-Bearer (level 5, -9/49 HPs)
             Began as a Gargoyle Fighter on Aug 18, 2015.
             Mangled by a sun demon (11 damage)
             ... summoned by Juikkao the kobold demonologist
             ... in the Realm of Zot (Scenario I: Hall of Zot).
             The game lasted 00:03:40 (649 turns).

nuthulu the Shield-Bearer (Gargoyle Fighter)         Turns: 649, Time: 00:03:40

HP  -9/49        AC 11     Str 24      XL: 5   Next: 68%
MP   5/5         EV  7     Int  9      God:
Gold 0           SH 10     Dex 10      Spells:  0 memorised,  4 levels left

rFire  . . .     SeeInvis .     a - +0 flail
rCold  . . .     Clarity  .     b - +0 scale mail
rNeg   + . .     rCorr    .     c - +0 shield
rPois  +         rRot     +     (no helmet)
rElec  +         Spirit   .     (no cloak)
SustAb .         Warding  .     (no gloves)
rMut   .         Stasis   .     (no boots)
Gourm  .                        (no amulet)
MR     .....                    (no ring)
                                (no ring)

@: berserking, very quick, not resistant to hostile enchantments, extremely
unstealthy
A: negative energy resistance 1, electricity resistance, unbreathing,
petrification resistance, rot immunity, AC +4
a: Make oklob sapling, Make arrow trap, Make plant, Remove Curse, Make burning
bush


You were in the Realm of Zot.
You were not hungry.

You visited 1 branch

Inventory:

Hand weapons
 a - a +0 flail (weapon)
Armour
 b - a +0 scale mail (worn)
 c - a +0 shield (worn)
Comestibles
 f - a bread ration
Scrolls
 k - a scroll of blinking
Potions
 d - 3 potions of curing
 g - a potion of heal wounds
 h - a potion of haste
 i - 2 potions of magic


   Skills:
 + Level 4.0 Fighting
 + Level 2.4 Maces & Flails
 + Level 4.2 Armour
 + Level 1.8 Dodging
 + Level 4.6 Shields


You had 4 spell levels left.
You didn't know any spells.

Dungeon Overview and Level Annotations

Branches:
    Zot (1/1)

Altars:


Innate Abilities, Weirdness & Mutations

You are resistant to torment.
You are immune to poison.
Your stone body is very resilient (AC +4).
You resist negative energy.
You are resistant to electric shocks.
You can survive without breathing.
You are immune to petrification.
You are immune to rotting.


Message History

The red devil hits you from afar with a trident.
* * * LOW HITPOINT WARNING * * *
You block the ufetubus' attack.
The ufetubus hits you but does no damage. x3
You closely miss Juikkao.
Juikkao is moderately wounded.
You block the ufetubus' attack. The ufetubus hits you.
* * * LOW HITPOINT WARNING * * *
The ufetubus hits you.
* * * LOW HITPOINT WARNING * * *
The ufetubus hits you but does no damage.
Juikkao glows brightly for a moment.
You block the ufetubus' attack. x2
The ufetubus closely misses you.
The ufetubus hits you but does no damage.
The ooze barely misses you. The ooze hits you but does no damage.
The ufetubus hits you but does no damage.
You block the ufetubus' attack. The ufetubus closely misses you.
The ufetubus completely misses you. The sun demon hits you!
You die...

######### ######### ....####
####.... .......### ###.......
.........## ##.........
..........# ▓▓▓▓▓▓▓▓▓ #..........
..........▓▓▓.......▓▓▓..........
..........▓▓....5....▓▓..........
..........▓P%..3K53.)P▓..........
..........)%.%.J@J5.%%)..........
..........▓....5554...▓..........
..........▓▓.........▓▓..........
..........▓▓▓.......▓▓▓..........
..........▓ ▓▓▓▓▓▓▓▓▓ ▓..........
.........▓▓ ▓▓.........
.......▓▓▓ ▓▓▓....... ....▓▓▓▓
▓▓▓▓.... ▓▓▓▓▓▓▓▓ ▓▓▓▓▓▓▓▓


You could see a sun demon, Juikkao the kobold demonologist, a ynoxinul, a red
devil, 2 oozes, 6 ufetubi and 2 friendly oklob saplings.

Vanquished Creatures
  2 worker ants (Zot)
  2 oozes (Zot)
  2 orcs (Zot)
  2 bats (Zot)
  A hobgoblin (Zot)
  3 kobolds (Zot)
  A quokka (Zot)
  2 ball pythons (Zot)
  3 giant cockroaches (Zot)
  2 giant newts (Zot)
  2 goblins (Zot)
  3 rats (Zot)
25 creatures vanquished.

Vanquished Creatures (collateral kills)
  An ufetubus (Zot)
  2 orcs (Zot)
  A giant cockroach (Zot)
  A hobgoblin (Zot)
  2 ball pythons (Zot)
  8 goblins (Zot)
  2 kobolds (Zot)
  3 rats (Zot)
20 creatures vanquished.

Grand Total: 45 creatures vanquished

Notes
Turn   | Place    | Note
--------------------------------------------------------------
     0 | Zot      | nuthulu, the Gargoyle Fighter, began the quest for the Orb.
     0 | Zot      | Reached XP level 1. HP: 14/14 MP: 1/1
   306 | Zot      | Reached XP level 2. HP: 17/19 MP: 2/2
   343 | Zot      | Reached XP level 3. HP: 21/23 MP: 3/3
   437 | Zot      | Reached skill level 4 in Shields
   446 | Zot      | Reached skill level 1 in Dodging
   446 | Zot      | Reached XP level 4. HP: 9/29 MP: 4/4
   513 | Zot      | Reached XP level 5. HP: 17/33 MP: 5/5
   636 | Zot      | Noticed Juikkao
   639 | Zot      | Noticed a red devil
   640 | Zot      | Noticed a ynoxinul
   648 | Zot      | Noticed a sun demon
   649 | Zot      | HP: 2/49 [ufetubus[Juikkao the kobold demonologist] (1)]
   649 | Zot      | Mangled by a sun demon

Action                   |  1- 3 |  4- 6 || total
-------------------------+-------+-------++-------
Melee: Flail             |    61 |    32 ||    93
 Abil: Make oklob saplin |     1 |     1 ||     2
  Use: Potion            |     1 |     1 ||     2
